 Dungeon Crawl Stone Soup version 0.21-a0-264-g3e31e41 (webtiles) character file.

3263 Manul the Cutter (level 10, -6/51 HPs)
             Began as a Vine Stalker Assassin on Sept 10, 2017.
             Was an Initiate of Gozag.
             Killed by the air
             ... invoked by Gastronok
              (22 damage)
             ... on level 8 of the Dungeon.
             The game lasted 00:11:50 (7431 turns).

Manul the Cutter (Vine Stalker Assassin)            Turns: 7431, Time: 00:11:51

Health: -6/51      AC: 15    Str: 15    XL:     10   Next: 0%
Magic:  0/11       EV:  8    Int: 11    God:    Gozag
Gold:   115        SH:  0    Dex: 15    Spells: 9/9 levels left

rFire    . . .     SeeInvis .   a - +2 dagger
rCold    + + .     Gourm    .   (no shield)
rNeg     . . .     Faith    .   j - +1 chain mail {rC+}
rPois    .         Spirit   +   (no helmet)
rElec    .         Reflect  .   d - +0 cloak
rCorr    .         Harm     .   r - +0 pair of gloves
MR       ++...                  B - +0 pair of boots of Grace {rC+ MR+ Dex-3 Stlth+} (curse)
Stlth    +.........             (no amulet)
HPRegen  0.57/turn              (no ring)
MPRegen  0.12/turn              (no ring)

@: no status effects
A: fangs 3, regeneration 1, magic shield, antimagic bite, no potion heal 3, rot
immunity
a: Potion Petition, Call Merchant, Bribe Branch, Renounce Religion


You were on level 8 of the Dungeon.
You worshipped Gozag.
Gozag was aware of your devotion.
You were not hungry.

You visited 2 branches of the dungeon, and saw 9 of its levels.
You also visited: Ossuary.

You collected 454 gold pieces.
You spent 199 gold pieces at shops.
You paid 140 gold pieces to Gozag.

Inventory:

Hand Weapons
 a - a +2 dagger (weapon)
 b - a +0 blowgun
 v - a +0 dagger of freezing
 F - a +0 rapier
 G - a +0 quarterstaff of protection
Missiles
 e - 22 poisoned needles
 f - a curare-tipped needle
Armour
 c - a +0 robe
 d - a +0 cloak (worn)
 j - a +1 chain mail of cold resistance (worn)
 n - a +0 pair of boots
 r - a +0 pair of gloves (worn)
 B - the cursed +0 pair of boots of Grace (worn) {rC+ MR+ Dex-3 Stlth+}
   (You bought it in a shop on level 6 of the Dungeon)

   It affects your dexterity (-3).
   It protects you from cold.
   It affects your resistance to hostile enchantments.
   It makes you more stealthy.
   It has a curse placed upon it.
Wands
 h - a wand of polymorph (7/24)
 y - a wand of confusion (21/48)
Scrolls
 i - 6 scrolls of identify
 k - 2 scrolls of noise {unknown}
 l - 7 scrolls of remove curse {unknown}
 m - a scroll of fog {unknown}
 o - a scroll of fear {unknown}
 p - a scroll of immolation {unknown}
 s - 3 scrolls of amnesia {unknown}
 t - 2 scrolls of teleportation
 x - 6 scrolls of enchant weapon {unknown}
 A - a scroll of recharging
Potions
 q - a potion of might
 u - a potion of flight {unknown}
 z - 3 potions of lignification
 D - 2 potions of curing {unknown}
 H - a potion of degeneration {unknown}
Comestibles
 g - 7 bread rations
 w - 4 meat rations
 C - 2 royal jellies
 E - 2 fruits


   Skills:
 + Level 5.2 Fighting
 + Level 7.5 Short Blades
 - Level 3.2 Throwing
 + Level 6.5 Armour
 + Level 2.5 Dodging
 + Level 6.2 Stealth
 + Level 1.1 Evocations


You had 9 spell levels left.
You didn't know any spells.

Dungeon Overview and Level Annotations

Branches:
Dungeon (8/15)             Temple (1/1) D:7            Lair (0/6) D:8

Altars:
Ashenzari
Cheibriados
Elyvilon
Fedhas
Gozag
Hepliaklqana
Kikubaaqudgha
Makhleb
Nemelex Xobeh
Okawaru
Qazlal
Trog
Uskayaw
Wu Jian
Xom
The Shining One

Shops:
D:4 (   D:6 [

Annotations:
D:8 Gastronok


Innate Abilities, Weirdness & Mutations

You have razor-sharp teeth.
Your natural rate of healing is unusually fast.
When hurt, damage is shared between your health and your magic reserves.
Your bite disrupts and absorbs the magic of your enemies.
Potions cannot restore your health.
You are immune to rotting.


Message History

Gastronok is lightly wounded.
You hit Gastronok.
Gastronok is lightly wounded.
The troll bites you but does no damage.
The troll claws you but does no damage. x2
You hit Gastronok but do no damage. You bite Gastronok.
Gastronok's magic leaks into the air.
You drain his magic.
You feel invigorated.
Gastronok is lightly wounded.
The troll bites you! The troll claws you. x2
The troll bites you but does no damage. The troll completely misses you.
The troll closely misses you. The troll bites you but does no damage.
The troll claws you but does no damage. The troll claws you!
* * * LOW HITPOINT WARNING * * *
Gastronok misses the troll.
Gastronok seems less confused.
Gastronok waves his eye-stalks in wide circles.
The air twists around and strikes you!
You die...
Your body crumbles into a pile of gold.

#..###.###..# ***
#....#.#....# *,,
#....#'#....###### *,,
#................###**,,
#......>............,,,,
#................#******
######............≈...#
**
#......w...T..........#
*8
#.##########@#.......##
**, #.# #.#..#.##.###
*8, #.# #.####.##.T.#
**, #.# #..,,..####.# *8
#.# ############
#.####*, #.#
##.....[..## #....#8,
#.# ##..........##
####.#*, #.#
##.[..........#* #...#*8
#.###..............#*
#.###**


You could see Gastronok and a troll.

Vanquished Creatures
  A hippogriff (D:7)
  Eustachio (D:4)
  2 water moccasins
  2 ice beasts
  An orc warrior (D:6)
  2 black bears
  A phantom (D:4)
  A sky beast (D:8)
  3 ogres
  An elf zombie (Ossuary)
  4 bullfrogs
  3 scorpions
  4 killer bees (D:8)
  3 crimson imps
  2 centaur zombies (Ossuary)
  A quasit (D:7)
  A bullfrog zombie (D:5)
  2 hounds
  A centaur skeleton (D:5)
  2 jellies
  6 orc wizards
  A human zombie (Ossuary)
  2 orc priests
  3 iguanas
  Terence (D:2)
  6 worker ants
  A hound zombie (Ossuary)
  3 mummies (Ossuary)
  10 adders
  3 shadow imps
  2 oozes
  3 adder zombies
  3 worms
  A dart slug (D:1)
  7 leopard geckos
  19 orcs
  7 giant cockroaches
  10 goblins
  8 hobgoblins
  6 jackals
  5 kobolds
  2 quokkas
  A ball python (D:1)
  10 bats
  6 frilled lizards
  4 gnoll zombies (Ossuary)
  6 goblin zombies (Ossuary)
  4 hobgoblin zombies (Ossuary)
  4 jackal zombies (Ossuary)
  2 kobold zombies (Ossuary)
  4 leopard gecko skeletons
  An orc zombie (Ossuary)
  A quokka skeleton (D:6)
  2 quokka zombies (Ossuary)
  7 rats
  2 rat zombies (Ossuary)
201 creatures vanquished.

Vanquished Creatures (others)
  5 dream sheep (D:6)
5 creatures vanquished.

Grand Total: 206 creatures vanquished

Notes
Turn   | Place    | Note
-------+----------+-------------------------------------------
     0 | D:1      | Manul the Vine Stalker Assassin began the quest for the Orb.
     0 | D:1      | Reached XP level 1. HP: 11/11 MP: 2/2
    49 | D:1      | Reached skill level 5 in Stealth
   224 | D:1      | Reached skill level 2 in Short Blades
   224 | D:1      | Reached XP level 2. HP: 14/15 MP: 3/3
   501 | D:1      | Reached XP level 3. HP: 18/18 MP: 4/4
   994 | D:2      | Found an iron altar of Okawaru.
  1212 | D:2      | Noticed Terence
  1240 | D:2      | Killed Terence
  1240 | D:2      | Gained mutation: Your natural rate of healing is unusually fast. [Vine Stalker growth]
  1240 | D:2      | Reached XP level 4. HP: 12/23 MP: 3/5
  1647 | D:3      | Reached skill level 1 in Armour
  1715 | D:3      | Reached skill level 3 in Short Blades
  1779 | D:3      | Reached skill level 1 in Dodging
  1807 | D:3      | Reached XP level 5. HP: 25/26 MP: 4/6
  2044 | D:3      | Found a stormy altar of Qazlal.
  2050 | D:3      | Found a hazy altar of Hepliaklqana.
  2068 | D:3      | Found a white marble altar of Elyvilon.
  2283 | D:4      | Reached XP level 6. HP: 31/32 MP: 7/7
  2326 | D:4      | Reached skill level 4 in Short Blades
  2534 | D:4      | Noticed a phantom
  2586 | D:4      | Killed a phantom
  2774 | D:4      | Noticed Eustachio
  2904 | D:4      | Killed Eustachio
  2904 | D:4      | Reached XP level 7. HP: 24/36 MP: 6/8
  2982 | D:4      | Found Linlumpoe's Antique Weapon Shoppe.
  3487 | D:5      | Entered Level 5 of the Dungeon
  3591 | D:5      | Gained mutation: You have razor-sharp teeth. [Vine Stalker growth]
  3591 | D:5      | Reached XP level 8. HP: 37/41 MP: 9/9
  3623 | D:5      | Reached skill level 5 in Short Blades
  4094 | D:5      | Found a blossoming altar of Fedhas.
  5093 | D:6      | Found Yciriop's Antique Armour Shoppe.
  5100 | D:6      | Bought a pair of dazzling boots for 199 gold pieces
  5110 | D:6      | Identified the cursed +0 pair of boots of Grace {rC+ MR+ Dex-3 Stlth+} (You bought it in a shop on level 6 of the Dungeon)
  5134 | D:6      | Found a shimmering altar of Xom.
  5134 | D:6      | Noticed a dream sheep
  5134 | D:6      | Noticed a dream sheep
  5134 | D:6      | Noticed a dream sheep
  5134 | D:6      | Noticed a dream sheep
  5134 | D:6      | Noticed a dream sheep
  5139 | D:6      | Killed a dream sheep
  5139 | D:6      | Killed a dream sheep
  5139 | D:6      | Killed a dream sheep
  5139 | D:6      | Killed a dream sheep
  5142 | D:6      | Killed a dream sheep
  5494 | D:7      | Reached skill level 6 in Short Blades
  5595 | D:7      | Reached XP level 9. HP: 46/46 MP: 10/10
  5658 | D:7      | Found a staircase to the Ecumenical Temple.
  5667 | Temple   | Entered the Ecumenical Temple
  5922 | Temple   | Reached skill level 5 in Armour
  5983 | D:7      | Reached skill level 1 in Evocations
  6180 | D:7      | Reached skill level 7 in Short Blades
  6315 | D:8      | Found a staircase to the Lair.
  6322 | D:8      | Found a shattered altar of Ashenzari.
  6568 | D:8      | Noticed Gastronok
  6619 | D:8      | Found a sand-covered staircase.
  6625 | Ossuary  | Entered an ossuary
  7020 | D:8      | Reached skill level 5 in Fighting
  7085 | D:8      | Noticed a troll
  7176 | Temple   | Became a worshipper of Gozag Ym Sagoz the Greedy
  7354 | D:8      | Reached XP level 10. HP: 47/51 MP: 11/11
  7431 | D:8      | Killed from afar by Gastronok

Vault maps used:
D:1:      eino_arrival_cavern_e
D:2:      okawaru_metal_pillars_1_2, uniq_terence
D:3:      grunt_temple_overflow_open, minmay_misc_feat_more_columns
D:4:      serial_shops, kennysheep_little_box, uniq_eustachio
D:5:      kennysheep_mini, first_bread, grunt_decor_resistance,
          patterned_corridor
D:6:      serial_shops, shop, kb_xom_exploding_sheep
D:7:      nicolae_ru_great_annihilating_truth, minmay_temple_entry_water_ring,
          serial_shops, shop
D:8:      kennysheep_big_flooded_room, cheibrodos_ashenzari_chains,
          zin_scriptorium, nicolae_overflow_hidden_temple, lair_entry_dummy,
          nicolae_ossuary_entry_plus, uniq_gastronok
Temple:   minmay_temple_curvy_branch
Ossuary:  minmay_ossuary_two_tombs

Skill      XL: |  1  2  3  4  5  6  7  8  9 |
---------------+----------------------------+-----
Stealth        | 5 6 |  6.2
Short Blades   | 2 3 4 6 7 |  7.5
Fighting       | 2 3 4 5 |  5.2
Armour         | 1 2 3 4 6 |  6.5
Dodging        | 1 2 |  2.5
Throwing       | 2 3 |  3.2
Evocations     | 1 |  1.1

Action                   |  1- 3 |  4- 6 |  7- 9 | 10-12 || total
-------------------------+-------+-------+-------+-------++-------
Melee: Dagger            |   148 |   305 |   725 |     8 ||  1186
       Bite              |    31 |    68 |   243 |     2 ||   344
 Fire: Blowgun           |       |    23 |    15 |       ||    38
Evoke: Wand              |       |       |     3 |     7 ||    10
  Use: Potion            |       |     5 |     3 |       ||     8
       Scroll            |       |       |     8 |       ||     8
 Stab: Sleeping          |     2 |       |       |       ||     2
       Confused          |       |       |     2 |       ||     2
  Eat: Chunk             |     1 |     5 |    12 |       ||    18
       Bread ration      |       |       |     1 |       ||     1
Armor: Chain mail        |    89 |   197 |   407 |    10 ||   703
       Robe              |     2 |       |       |       ||     2
       Skin              |       |     2 |       |       ||     2
Dodge: Dodged            |    29 |    81 |   204 |     7 ||   321

Table legend:
 A = Spawn XP
 B = Non-spawn XP
 C = Spawn XP percentage of total XP
 D = Spawn monster count
 E = Non-spawn monster count
 F = Spawn count percentage of total count
 G = Total turns spent on level
                    A         B        C        D         E        F      G
               +---------+---------+-------+---------+---------+-------+---------
         Total |       0 |    4662 |   0.0 |       0 |     201 |   0.0 |  7431
               +---------+---------+-------+---------+---------+-------+---------
           D:1 |       0 |      52 |   0.0 |       0 |      26 |   0.0 |   844
           D:2 |       0 |      67 |   0.0 |       0 |      18 |   0.0 |   796
           D:3 |       0 |     190 |   0.0 |       0 |      31 |   0.0 |   614
           D:4 |       0 |     777 |   0.0 |       0 |      21 |   0.0 |  1233
           D:5 |       0 |     270 |   0.0 |       0 |      16 |   0.0 |   617
           D:6 |       0 |     721 |   0.0 |       0 |      18 |   0.0 |  1359
           D:7 |       0 |    1378 |   0.0 |       0 |      25 |   0.0 |   726
           D:8 |       0 |     673 |   0.0 |       0 |       9 |   0.0 |   518
        Temple |       0 |     193 |   0.0 |       0 |       2 |   0.0 |   393
       Ossuary |       0 |     341 |   0.0 |       0 |      35 |   0.0 |   331
               +---------+---------+-------+---------+---------+-------+---------
